Workbook

Sheet Intro
B13: The Money Question
B15: Home Loan Simulator

Sheet Loan Details
A1: The Money Question
A2: Home Loan Simulator
C4: Loan Amount | D4: 1000000
C5: Term | D5: 30
C6: Interest Rate | D6: 0.0399
C7: Monthly Repayment | D7: =-PMT(D6/12,D5*12,D4,0) -> 4768.3896
C8: Total Interest | D8: =Amortisation!C380 -> 716618.64
C9: Total Repayments | D9: =Amortisation!D380 -> 1716616.9
C12: Extra Monthly Payment | D12: 0
C14: Payoff Period | D14: =(MATCH(0,Amortisation!M4:M378,0))/12 -> 30
C15: Total Interest | D15: =Amortisation!J380 -> 716618.64
C16: Total Repayments | D16: =SUM(Amortisation!K380:L380) -> 1716616.9
C18: Time Saved | D18: =D5-D14 -> 0
C19: Money Saved | D19: =D9-D16 -> 0

Sheet Amortisation
A1: The Money Question - Home Loan Simulator
A2: Original Loan | H2: Loan with Extra Repayments
A3: Month | B3: Start Loan Balance | C3: Interest this Period | D3: Repayment | E3: End Loan Balance | F3: Principal Paydown | G3: Years | H3: Month | I3: Start Loan Balance | J3: Interest this Period | K3: Repayment | L3: Additional Payment | M3: End Loan Balance | N3: Principal Paydown
A4: 0 | B4: ='Loan Details'!D4 -> 1000000 | C4: =B4*('Loan Details'!$D$6/12) -> 3325 | D4: =IF((B4+C4)<'Loan Details'!$D$7,(B4+C4),'Loan Details'!$D$7) -> 4768.3896 | E4: =ROUNDDOWN((B4+C4)-D4,2) -> 998556.61 | F4: =IF(ISERR(C4/D4),0,1-(C4/D4)) -> 0.3026996 | G4: =ROUNDDOWN(A4/12,0) -> 0 | H4: =A4 -> 0 | I4: =B4 -> 1000000 | J4: =I4*('Loan Details'!$D$6/12) -> 3325 | K4: =IF((I4+J4)<'Loan Details'!$D$7,(I4+J4),'Loan Details'!$D$7) -> 4768.3896 | L4: =IF(I4+J4-K4=0,0,'Loan Details'!$D$12) -> 0 | M4: =ROUNDDOWN((I4+J4)-K4-L4,2) -> 998556.61 | N4: =IF(ISERR(J4/(K4+L4)),0,1-(J4/(K4+L4))) -> 0.3026996
A5: =A4+1 -> 1 | B5: =IF(E4>=0,E4,0) -> 998556.61 | C5: =B5*('Loan Details'!$D$6/12) -> 3320.2007 | D5: =IF((B5+C5)<'Loan Details'!$D$7,(B5+C5),'Loan Details'!$D$7) -> 4768.3896 | E5: =ROUNDDOWN((B5+C5)-D5,2) -> 997108.42 | F5: =IF(ISERR(C5/D5),0,1-(C5/D5)) -> 0.30370608 | G5: =ROUNDDOWN(A5/12,0) -> 0 | H5: =A5 -> 1 | I5: =IF(M4>=0,M4,0) -> 998556.61 | J5: =I5*('Loan Details'!$D$6/12) -> 3320.2007 | K5: =IF((I5+J5)<'Loan Details'!$D$7,(I5+J5),'Loan Details'!$D$7) -> 4768.3896 | L5: =IF(I5+J5-K5=0,0,'Loan Details'!$D$12) -> 0 | M5: =ROUNDDOWN((I5+J5)-K5-L5,2) -> 997108.42 | N5: =IF(ISERR(J5/(K5+L5)),0,1-(J5/(K5+L5))) -> 0.30370608
A6: =A5+1 -> 2 | B6: =IF(E5>=0,E5,0) -> 997108.42 | C6: =B6*('Loan Details'!$D$6/12) -> 3315.3855 | D6: =IF((B6+C6)<'Loan Details'!$D$7,(B6+C6),'Loan Details'!$D$7) -> 4768.3896 | E6: =ROUNDDOWN((B6+C6)-D6,2) -> 995655.41 | F6: =IF(ISERR(C6/D6),0,1-(C6/D6)) -> 0.3047159 | G6: =ROUNDDOWN(A6/12,0) -> 0 | H6: =A6 -> 2 | I6: =IF(M5>=0,M5,0) -> 997108.42 | J6: =I6*('Loan Details'!$D$6/12) -> 3315.3855 | K6: =IF((I6+J6)<'Loan Details'!$D$7,(I6+J6),'Loan Details'!$D$7) -> 4768.3896 | L6: =IF(I6+J6-K6=0,0,'Loan Details'!$D$12) -> 0 | M6: =ROUNDDOWN((I6+J6)-K6-L6,2) -> 995655.41 | N6: =IF(ISERR(J6/(K6+L6)),0,1-(J6/(K6+L6))) -> 0.3047159
A7: =A6+1 -> 3 | B7: =IF(E6>=0,E6,0) -> 995655.41 | C7: =B7*('Loan Details'!$D$6/12) -> 3310.5542 | D7: =IF((B7+C7)<'Loan Details'!$D$7,(B7+C7),'Loan Details'!$D$7) -> 4768.3896 | E7: =ROUNDDOWN((B7+C7)-D7,2) -> 994197.57 | F7: =IF(ISERR(C7/D7),0,1-(C7/D7)) -> 0.30572908 | G7: =ROUNDDOWN(A7/12,0) -> 0 | H7: =A7 -> 3 | I7: =IF(M6>=0,M6,0) -> 995655.41 | J7: =I7*('Loan Details'!$D$6/12) -> 3310.5542 | K7: =IF((I7+J7)<'Loan Details'!$D$7,(I7+J7),'Loan Details'!$D$7) -> 4768.3896 | L7: =IF(I7+J7-K7=0,0,'Loan Details'!$D$12) -> 0 | M7: =ROUNDDOWN((I7+J7)-K7-L7,2) -> 994197.57 | N7: =IF(ISERR(J7/(K7+L7)),0,1-(J7/(K7+L7))) -> 0.30572908
A8: =A7+1 -> 4 | B8: =IF(E7>=0,E7,0) -> 994197.57 | C8: =B8*('Loan Details'!$D$6/12) -> 3305.7069 | D8: =IF((B8+C8)<'Loan Details'!$D$7,(B8+C8),'Loan Details'!$D$7) -> 4768.3896 | E8: =ROUNDDOWN((B8+C8)-D8,2) -> 992734.88 | F8: =IF(ISERR(C8/D8),0,1-(C8/D8)) -> 0.30674564 | G8: =ROUNDDOWN(A8/12,0) -> 0 | H8: =A8 -> 4 | I8: =IF(M7>=0,M7,0) -> 994197.57 | J8: =I8*('Loan Details'!$D$6/12) -> 3305.7069 | K8: =IF((I8+J8)<'Loan Details'!$D$7,(I8+J8),'Loan Details'!$D$7) -> 4768.3896 | L8: =IF(I8+J8-K8=0,0,'Loan Details'!$D$12) -> 0 | M8: =ROUNDDOWN((I8+J8)-K8-L8,2) -> 992734.88 | N8: =IF(ISERR(J8/(K8+L8)),0,1-(J8/(K8+L8))) -> 0.30674564
A9: =A8+1 -> 5 | B9: =IF(E8>=0,E8,0) -> 992734.88 | C9: =B9*('Loan Details'!$D$6/12) -> 3300.8435 | D9: =IF((B9+C9)<'Loan Details'!$D$7,(B9+C9),'Loan Details'!$D$7) -> 4768.3896 | E9: =ROUNDDOWN((B9+C9)-D9,2) -> 991267.33 | F9: =IF(ISERR(C9/D9),0,1-(C9/D9)) -> 0.30776557 | G9: =ROUNDDOWN(A9/12,0) -> 0 | H9: =A9 -> 5 | I9: =IF(M8>=0,M8,0) -> 992734.88 | J9: =I9*('Loan Details'!$D$6/12) -> 3300.8435 | K9: =IF((I9+J9)<'Loan Details'!$D$7,(I9+J9),'Loan Details'!$D$7) -> 4768.3896 | L9: =IF(I9+J9-K9=0,0,'Loan Details'!$D$12) -> 0 | M9: =ROUNDDOWN((I9+J9)-K9-L9,2) -> 991267.33 | N9: =IF(ISERR(J9/(K9+L9)),0,1-(J9/(K9+L9))) -> 0.30776557
A10: =A9+1 -> 6 | B10: =IF(E9>=0,E9,0) -> 991267.33 | C10: =B10*('Loan Details'!$D$6/12) -> 3295.9639 | D10: =IF((B10+C10)<'Loan Details'!$D$7,(B10+C10),'Loan Details'!$D$7) -> 4768.3896 | E10: =ROUNDDOWN((B10+C10)-D10,2) -> 989794.9 | F10: =IF(ISERR(C10/D10),0,1-(C10/D10)) -> 0.30878889 | G10: =ROUNDDOWN(A10/12,0) -> 0 | H10: =A10 -> 6 | I10: =IF(M9>=0,M9,0) -> 991267.33 | J10: =I10*('Loan Details'!$D$6/12) -> 3295.9639 | K10: =IF((I10+J10)<'Loan Details'!$D$7,(I10+J10),'Loan Details'!$D$7) -> 4768.3896 | L10: =IF(I10+J10-K10=0,0,'Loan Details'!$D$12) -> 0 | M10: =ROUNDDOWN((I10+J10)-K10-L10,2) -> 989794.9 | N10: =IF(ISERR(J10/(K10+L10)),0,1-(J10/(K10+L10))) -> 0.30878889
A11: =A10+1 -> 7 | B11: =IF(E10>=0,E10,0) -> 989794.9 | C11: =B11*('Loan Details'!$D$6/12) -> 3291.068 | D11: =IF((B11+C11)<'Loan Details'!$D$7,(B11+C11),'Loan Details'!$D$7) -> 4768.3896 | E11: =ROUNDDOWN((B11+C11)-D11,2) -> 988317.57 | F11: =IF(ISERR(C11/D11),0,1-(C11/D11)) -> 0.30981562 | G11: =ROUNDDOWN(A11/12,0) -> 0 | H11: =A11 -> 7 | I11: =IF(M10>=0,M10,0) -> 989794.9 | J11: =I11*('Loan Details'!$D$6/12) -> 3291.068 | K11: =IF((I11+J11)<'Loan Details'!$D$7,(I11+J11),'Loan Details'!$D$7) -> 4768.3896 | L11: =IF(I11+J11-K11=0,0,'Loan Details'!$D$12) -> 0 | M11: =ROUNDDOWN((I11+J11)-K11-L11,2) -> 988317.57 | N11: =IF(ISERR(J11/(K11+L11)),0,1-(J11/(K11+L11))) -> 0.30981562
A12: =A11+1 -> 8 | B12: =IF(E11>=0,E11,0) -> 988317.57 | C12: =B12*('Loan Details'!$D$6/12) -> 3286.1559 | D12: =IF((B12+C12)<'Loan Details'!$D$7,(B12+C12),'Loan Details'!$D$7) -> 4768.3896 | E12: =ROUNDDOWN((B12+C12)-D12,2) -> 986835.33 | F12: =IF(ISERR(C12/D12),0,1-(C12/D12)) -> 0.31084576 | G12: =ROUNDDOWN(A12/12,0) -> 0 | H12: =A12 -> 8 | I12: =IF(M11>=0,M11,0) -> 988317.57 | J12: =I12*('Loan Details'!$D$6/12) -> 3286.1559 | K12: =IF((I12+J12)<'Loan Details'!$D$7,(I12+J12),'Loan Details'!$D$7) -> 4768.3896 | L12: =IF(I12+J12-K12=0,0,'Loan Details'!$D$12) -> 0 | M12: =ROUNDDOWN((I12+J12)-K12-L12,2) -> 986835.33 | N12: =IF(ISERR(J12/(K12+L12)),0,1-(J12/(K12+L12))) -> 0.31084576
A13: =A12+1 -> 9 | B13: =IF(E12>=0,E12,0) -> 986835.33 | C13: =B13*('Loan Details'!$D$6/12) -> 3281.2275 | D13: =IF((B13+C13)<'Loan Details'!$D$7,(B13+C13),'Loan Details'!$D$7) -> 4768.3896 | E13: =ROUNDDOWN((B13+C13)-D13,2) -> 985348.16 | F13: =IF(ISERR(C13/D13),0,1-(C13/D13)) -> 0.31187933 | G13: =ROUNDDOWN(A13/12,0) -> 0 | H13: =A13 -> 9 | I13: =IF(M12>=0,M12,0) -> 986835.33 | J13: =I13*('Loan Details'!$D$6/12) -> 3281.2275 | K13: =IF((I13+J13)<'Loan Details'!$D$7,(I13+J13),'Loan Details'!$D$7) -> 4768.3896 | L13: =IF(I13+J13-K13=0,0,'Loan Details'!$D$12) -> 0 | M13: =ROUNDDOWN((I13+J13)-K13-L13,2) -> 985348.16 | N13: =IF(ISERR(J13/(K13+L13)),0,1-(J13/(K13+L13))) -> 0.31187933
A14: =A13+1 -> 10 | B14: =IF(E13>=0,E13,0) -> 985348.16 | C14: =B14*('Loan Details'!$D$6/12) -> 3276.2826 | D14: =IF((B14+C14)<'Loan Details'!$D$7,(B14+C14),'Loan Details'!$D$7) -> 4768.3896 | E14: =ROUNDDOWN((B14+C14)-D14,2) -> 983856.05 | F14: =IF(ISERR(C14/D14),0,1-(C14/D14)) -> 0.31291633 | G14: =ROUNDDOWN(A14/12,0) -> 0 | H14: =A14 -> 10 | I14: =IF(M13>=0,M13,0) -> 985348.16 | J14: =I14*('Loan Details'!$D$6/12) -> 3276.2826 | K14: =IF((I14+J14)<'Loan Details'!$D$7,(I14+J14),'Loan Details'!$D$7) -> 4768.3896 | L14: =IF(I14+J14-K14=0,0,'Loan Details'!$D$12) -> 0 | M14: =ROUNDDOWN((I14+J14)-K14-L14,2) -> 983856.05 | N14: =IF(ISERR(J14/(K14+L14)),0,1-(J14/(K14+L14))) -> 0.31291633
A15: =A14+1 -> 11 | B15: =IF(E14>=0,E14,0) -> 983856.05 | C15: =B15*('Loan Details'!$D$6/12) -> 3271.3214 | D15: =IF((B15+C15)<'Loan Details'!$D$7,(B15+C15),'Loan Details'!$D$7) -> 4768.3896 | E15: =ROUNDDOWN((B15+C15)-D15,2) -> 982358.98 | F15: =IF(ISERR(C15/D15),0,1-(C15/D15)) -> 0.31395678 | G15: =ROUNDDOWN(A15/12,0) -> 0 | H15: =A15 -> 11 | I15: =IF(M14>=0,M14,0) -> 983856.05 | J15: =I15*('Loan Details'!$D$6/12) -> 3271.3214 | K15: =IF((I15+J15)<'Loan Details'!$D$7,(I15+J15),'Loan Details'!$D$7) -> 4768.3896 | L15: =IF(I15+J15-K15=0,0,'Loan Details'!$D$12) -> 0 | M15: =ROUNDDOWN((I15+J15)-K15-L15,2) -> 982358.98 | N15: =IF(ISERR(J15/(K15+L15)),0,1-(J15/(K15+L15))) -> 0.31395678
A16: =A15+1 -> 12 | B16: =IF(E15>=0,E15,0) -> 982358.98 | C16: =B16*('Loan Details'!$D$6/12) -> 3266.3436 | D16: =IF((B16+C16)<'Loan Details'!$D$7,(B16+C16),'Loan Details'!$D$7) -> 4768.3896 | E16: =ROUNDDOWN((B16+C16)-D16,2) -> 980856.93 | F16: =IF(ISERR(C16/D16),0,1-(C16/D16)) -> 0.31500069 | G16: =ROUNDDOWN(A16/12,0) -> 1 | H16: =A16 -> 12 | I16: =IF(M15>=0,M15,0) -> 982358.98 | J16: =I16*('Loan Details'!$D$6/12) -> 3266.3436 | K16: =IF((I16+J16)<'Loan Details'!$D$7,(I16+J16),'Loan Details'!$D$7) -> 4768.3896 | L16: =IF(I16+J16-K16=0,0,'Loan Details'!$D$12) -> 0 | M16: =ROUNDDOWN((I16+J16)-K16-L16,2) -> 980856.93 | N16: =IF(ISERR(J16/(K16+L16)),0,1-(J16/(K16+L16))) -> 0.31500069
... A378: =A377+1 -> 374 | B378: =IF(E377>=0,E377,0) -> 0 | C378: =B378*('Loan Details'!$D$6/12) -> 0 | D378: =IF((B378+C378)<'Loan Details'!$D$7,(B378+C378),'Loan Details'!$D$7) -> 0 | E378: =ROUNDDOWN((B378+C378)-D378,2) -> 0 | F378: =IF(ISERR(C378/D378),0,1-(C378/D378)) -> 0 | G378: =ROUNDDOWN(A378/12,0) -> 31 | H378: =A378 -> 374 | I378: =IF(M377>=0,M377,0) -> 0 | J378: =I378*('Loan Details'!$D$6/12) -> 0 | K378: =IF((I378+J378)<'Loan Details'!$D$7,(I378+J378),'Loan Details'!$D$7) -> 0 | L378: =IF(I378+J378-K378=0,0,'Loan Details'!$D$12) -> 0 | M378: =ROUNDDOWN((I378+J378)-K378-L378,2) -> 0 | N378: =IF(ISERR(J378/(K378+L378)),0,1-(J378/(K378+L378))) -> 0
C380: =SUM(C4:C378) -> 716618.64 | D380: =SUM(D4:D378) -> 1716616.9 | J380: =SUM(J4:J378) -> 716618.64 | K380: =SUM(K4:K378) -> 1716616.9 | L380: =SUM(L4:L378) -> 0
